 Dungeon Crawl Stone Soup version 0.27-a0-1139-g28e009f8a6 (webtiles) character file.

Game seed: 3249210519009846213

175 Zeld the Shield-Bearer (level 5, -3/37 HPs)
             Began as an Octopode Fighter on May 7, 2021.
             Killed from afar by an orc wizard (13 damage)
             ... with a puff of flame
             ... on level 3 of the Dungeon.
             The game lasted 00:05:22 (2874 turns).

Zeld the Shield-Bearer (Octopode Fighter)           Turns: 2874, Time: 00:05:22

Health: -3/37      AC:  5    Str: 16    XL:     5   Next: 55%
Magic:  5/5        EV: 11    Int: 10    God:
Gold:   73         SH:  9    Dex: 12    Spells: 4/4 levels left

rFire    . . .     SeeInvis .   a - +0 war axe
rCold    . . .     Faith    .   b - +0 kite shield
rNeg     . . .     Spirit   .   (helmet restricted)
rPois    .         Reflect  .   (no amulet)
rElec    .         Harm     .   d - ring of resist corrosion
rCorr    +         Rampage  .   j - +4 ring of protection
Will     .....                  (no ring)
Stlth    ++........             (no ring)
HPRegen  0.12/turn              (no ring)
MPRegen  0.09/turn              (no ring)
                                (no ring)
                                (no ring)

@: no status effects
A: almost no armour, amphibious, 8 rings, camouflage 1, gelatinous body 1,
(nimble swimmer 1), tentacles
a: no special abilities


You were on level 3 of the Dungeon.
You visited 1 branch of the dungeon, and saw 3 of its levels.

You collected 73 gold pieces.

Inventory:

Hand Weapons
 a - a +0 war axe (weapon)
Missiles
 o - 5 poisoned darts (quivered)
Armour
 b - a +0 kite shield (worn)
Jewellery
 d - a ring of resist corrosion (left tentacle)
 j - a +4 ring of protection (right tentacle)
Scrolls
 e - 2 scrolls of fog {unknown}
 f - a scroll of acquirement {unknown}
 g - a scroll of teleportation {unknown}
 k - a scroll of amnesia {unknown}
 m - a scroll of identify {unknown}
Potions
 c - a potion of might
 h - 2 potions of flight {unknown}
 i - a potion of heal wounds {unknown}
 l - a potion of degeneration {unknown}
 n - a potion of brilliance {unknown}


   Skills:
 - Level 4.2 Fighting
 - Level 3.5 Axes
 * Level 0.3 Throwing
 - Level 3.0 Dodging
 - Level 4.2 Shields


You had 4 spell levels left.
You didn't know any spells.
Your spell library contained the following spells:

 Spells                   Type           Power      Damage    Failure   Level
 Shock                    Conj/Air       0%         1d3       83%         1
 Static Discharge         Conj/Air       0%         N/A       92%         2
 Swiftness                Air            0%         N/A       99%         3
 Airstrike                Air            0%         N/A       100%        4
 Lightning Bolt           Conj/Air       0%         1d11      100%        5


Dungeon Overview and Level Annotations

Branches:
Dungeon (3/15)

Altars:
Ashenzari
Vehumet


Innate Abilities, Weirdness & Mutations

You cannot wear most types of armour.
You are amphibious.
You can wear up to eight rings at the same time.
Your skin changes colour to match your surroundings (Stealth+).
Your rubbery body absorbs attacks. (AC +1, EV +1)
((You are camouflaged near water. (Stealth+)))
You have tentacles for arms and can constrict up to eight enemies at once.


Message History

You hit the orc. You grab the orc. You squeeze the orc, but do no damage.
The orc is heavily wounded.
You constrict the orc.
You kill the orc!
An orc comes into view. It is wielding a +0 mace.
The orc shouts!
You hear a shout!
An orc wizard comes into view.
It is wielding a +0 dagger and wearing a +0 robe of willpower.
Things that are here:
a +0 club; an orc corpse The orc wizard points at you and mumbles some strange words.
You are confused.
The orc closely misses you.
You are too confused!
You are too confused!
You bump into the rock wall.
The orc closely misses you. The orc wizard barely misses you.
The orc hits you with a +0 falchion!
The orc wizard points at itself and mumbles some strange words.
The orc wizard flickers and vanishes!
Deactivating autopickup; reactivate with Ctrl-A.
Things that are here:
a +0 club; an orc corpse You bump into the rock wall.
The orc hits you with a +0 mace.
You bump into the rock wall.
The orc completely misses you.
You're too confused to move!
You feel less confused. The orc hits you but does no damage.
A magic dart appears from out of thin air!
The magic dart hits you!
A puff of flame appears from out of thin air!
The puff of flame hits you!
A magic dart appears from out of thin air!
The magic dart hits you.
* * * LOW HITPOINT WARNING * * *
You see here a ball python corpse.
A puff of flame appears from out of thin air!
The puff of flame misses you.
There is a stone staircase leading up here.
A puff of flame appears from out of thin air!
The puff of flame hits you!
You die...

#.....#.#.##.#......†<......#
#.#..##.#.#.##.#†######........
#.#..##.#.#.##.#...............
#.#..##.#.#.##................#
#.#..##.#.#.####################
#.#..##...............{.....{o..
#.#######.#.#######...†.########
#..†......# #.................
##.....##.# #.#@.....#...#####
###.###.#### #.#####.#...###
#.......... #...............
###.############...#.########
#....†....(........'........#
################...#.######.#
#.......)..#.# #.#
#.......)..#.# #.#
#..........#.# #.#


There were no monsters in sight!

Vanquished Creatures
  Natasha (thrice) (D:2)
  A hound skeleton (D:3)
  4 adders
  A dart slug (D:2)
  2 orcs (D:3)
  5 bats
  An endoplasm (D:2)
  2 giant cockroaches (D:2)
  4 goblins
  9 hobgoblins
  2 jackals (D:2)
  4 kobolds
  2 quokkas
  4 ball pythons
  3 frilled lizards
  3 rats
50 creatures vanquished.

Notes
Turn   | Place    | Note
-------+----------+-------------------------------------------
     0 | D:1      | Zeld the Octopode Fighter began the quest for the Orb.
     0 | D:1      | Reached XP level 1. HP: 16/16 MP: 1/1
   198 | D:1      | Reached XP level 2. HP: 21/21 MP: 2/2
  1019 | D:2      | Reached XP level 3. HP: 26/26 MP: 3/3
  1161 | D:2      | Found a faded altar of an unknown god.
  1549 | D:2      | Noticed Natasha
  1557 | D:2      | Killed Natasha
  1558 | D:2      | Reached XP level 4. HP: 13/33 MP: 4/4
  1965 | D:2      | Noticed Natasha
  1966 | D:2      | Found a faded altar of an unknown god.
  1971 | D:2      | Killed Natasha
  2322 | D:2      | Noticed Natasha
  2327 | D:2      | Killed Natasha
  2328 | D:2      | Reached XP level 5. HP: 24/37 MP: 5/5
  2745 | D:3      | Found a radiant altar of Vehumet.
  2832 | D:3      | Found a broken altar of Ashenzari.
  2874 | D:3      | Killed from afar by an orc wizard

Illustrated notes

Levels and vault maps discovered:
D:1:      ncdulo_wetmaze, layout_loops_ring
D:2:      layout_loops_ring, shapermc_ecumenical_altar_venn, uniq_natasha
D:3:      minmay_angry_zag, layout_basic, vehumet_crystals,
          evilmike_ruin_ashenzari

Skill      XL: |  1  2  3  4 |
---------------+-------------+-----
Axes           | 3 |  3.5
Fighting       | 4 |  4.2
Shields        | 4 |  4.2
Throwing       | |  0.3
Dodging        | |  3.0

Action                   |  1- 3 |  4- 6 || total
-------------------------+-------+-------++-------
Melee: War axe           |    62 |    35 ||    97
       Constrict         |    18 |    12 ||    30
       Tentacles         |     9 |     9 ||    18
 Stab: Sleeping          |     5 |     2 ||     7
       Distracted        |       |     1 ||     1
Armor: Skin              |     3 |     7 ||    10
Dodge: Dodged            |    27 |    13 ||    40
Block: Kite shield       |    25 |    26 ||    51

Table legend: (Time is in decaauts)
 A = Elapsed time spent in this place.
 B = Non-inter-level travel time spent in this place.
 C = Inter-level travel time spent in this place.
 D = Time resting spent in this place.
 E = Time spent auto-exploring this place.
 F = Levels seen in this place.
 G = Mean time per level.
                   A        B        C        D        E       F      G
               +--------+--------+--------+--------+--------+-----+--------+
         Total |   2945 |   2904 |     41 |      0 |   2483 |   3 |  981.7 |
       Dungeon |   2945 |   2904 |     41 |      0 |   2483 |   3 |  981.7 |
               +--------+--------+--------+--------+--------+-----+--------+

Top non-repeatable levels by time:
     D:2: 1845 daAuts
     D:1: 722 daAuts
     D:3: 377 daAuts
